 Dungeon Crawl Stone Soup version 0.29-a0-845-g6161e89988 (webtiles) character file.

Game seed: 15718236792475458352

5 JoshKwa the Gusty (level 1, -3/13 HPs)
             Began as a Human Air Elementalist on July 15, 2022.
             Slain by a hobgoblin (4 damage)
             ... on level 1 of the Dungeon.
             The game lasted 00:02:58 (181 turns).

JoshKwa the Gusty (Human Air Elementalist)           Turns: 181, Time: 00:02:59

Health: -3/13      AC:  2    Str:  8    XL:     1   Next: 88%
Magic:  0/3        EV: 12    Int: 15    God:
Gold:   14         SH:  0    Dex: 13    Spells: 3/4 levels left

rFire   . . .      SeeInvis .   (no weapon)
rCold   . . .      Faith    .   (no shield)
rNeg    . . .      Spirit   .   a - +0 robe
rPois   .          Reflect  .   (no helmet)
rElec   .          Harm     .   (no cloak)
rCorr   .          Rampage  .   (no gloves)
Will    .....                   (no boots)
Stlth   ++........              (no amulet)
HPRegen 0.04/turn               (no ring)
MPRegen 0.08/turn               (no ring)

@: no status effects
A: no striking features
a: no special abilities


You were on level 1 of the Dungeon.
You visited 1 branch of the dungeon, and saw 1 of its levels.

You collected 14 gold pieces.

Inventory:

Missiles
 c - 2 poisoned darts (quivered)
Armour
 a - a +0 robe (worn)
Scrolls
 d - a scroll of noise {unknown}
Potions
 b - a potion of magic


   Skills:
 + Level 2.0 Dodging
 + Level 2.0 Stealth
 * Level 2.2 Spellcasting
 + Level 1.0 Conjurations
 + Level 3.1 Air Magic


You had 3 spell levels left.
You knew the following spells:

 Your Spells              Type           Power      Damage    Failure   Level
a - Shock                 Conj/Air       28%        1d4       10%         1

Your spell library contained the following spells:

 Spells                   Type           Power      Damage    Failure   Level
 Static Discharge         Conj/Air       7%         3-4/arc   14%         2
 Swiftness                Air            11%        N/A       19%         3
 Airstrike                Air            5%         0-3+      52%         4


Dungeon Overview and Level Annotations

Branches:
Dungeon (1/15)

Altars:


Message History

The giant cockroach closely misses you.
The giant cockroach attacks as you move away!
The giant cockroach barely misses you.
A goblin comes into view. It is wielding a +0 dagger.
The giant cockroach attacks as you move away!
The giant cockroach bites you.
Found 6 poisoned darts.
The goblin shouts!
You open the gate.
The giant cockroach splashes around in the water.
There is an open gate here.
The giant cockroach misses you. The spectral goblin closely misses you.
The spectral goblin attacks as you move away!
The spectral goblin hits you but does no damage.
The giant cockroach barely misses you.
A hobgoblin comes into view.
The hobgoblin shouts!
The spectral goblin misses you.
The hobgoblin moves out of view.
The giant cockroach attacks as you move away!
The giant cockroach bites you.
You enter the shallow water.
Moving in this stuff is going to be slow.
The hobgoblin closely misses you. The hobgoblin hits you.
* * * LOW HITPOINT WARNING * * *
The hobgoblin attacks as you move away!
The hobgoblin hits you but does no damage.
Casting: Shock (safe; 10% risk of failure)
Confirm with . or Enter, or press ? or * to list all spells.
Aiming: Shock (safe; 10% risk of failure)
Press: ? - help, Shift-Dir - straight line, f/p - giant cockroach
Aim: a giant cockroach (68% to hit)
The zap hits the giant cockroach.
The giant cockroach is heavily wounded.
The zap hits the goblin.
You kill the goblin!
You hear a splash.
The giant cockroach bites you.
* * * LOW HITPOINT WARNING * * *
The hobgoblin hits you.
You die...

###≈#≈...≈.≈≈≈...
####.. #≈.≈≈≈≈≈≈≈.≈.
#....###≈.≈.≈.≈#≈#≈.
#....#≈Z.≈≈_.≈≈≈≈#≈.
#...≈#8)#≈####≈.8#..
#....≈≈≈#≈≈≈..##≈≈..
#.......≈≈..≈≈.≈≈≈≈.
#...B...............
#..@g..........).#..
#................#..
#................#..
#...................
#...................
#...................
########..(.........
#............
######............


You could see a spectral goblin, a giant cockroach and a hobgoblin.

Vanquished Creatures
  3 goblins (D:1)
  A quokka (D:1)
  A bat (D:1)
  A frilled lizard (D:1)
6 creatures vanquished.

Notes
Turn   | Place    | Note
-------+----------+-------------------------------------------
     0 | D:1      | JoshKwa the Human Air Elementalist began the quest for the
                  | Orb.
     0 | D:1      | Reached XP level 1. HP: 13/13 MP: 3/3
   165 | D:1      | Found a faded altar of an unknown god.
   181 | D:1      | Slain by a hobgoblin

Illustrated notes

Levels and vault maps discovered:
D:1:      heliophobic_arrival_glass_houses, layout_basic,
          dreamdust_ecumenical_altar_drowned_temple, minmay_misc_feat_tower,
          minmay_pentomino_o4

Action                   || total
-------------------------++-------
Throw: Dart              ||     1
 Cast: Shock             ||     9
Armor: Robe              ||     3
Dodge: Dodged            ||    15

Table legend: (Time is in decaauts)
 A = Elapsed time spent in this place.
 B = Non-inter-level travel time spent in this place.
 C = Inter-level travel time spent in this place.
 D = Time resting spent in this place.
 E = Time spent auto-exploring this place.
 F = Levels seen in this place.
 G = Mean time per level.
                   A        B        C        D        E       F      G
               +--------+--------+--------+--------+--------+-----+--------+
         Total |    182 |    182 |      0 |      2 |      0 |   1 |  182.0 |
       Dungeon |    182 |    182 |      0 |      2 |      0 |   1 |  182.0 |
               +--------+--------+--------+--------+--------+-----+--------+

Top non-repeatable levels by time:
     D:1: 182 daAuts
